Map: Star Station TE

Players

CBagRun - Winner!

  • Race: Zerg Zerg
  • Spawn Location: 11:00

couchman

  • Race: Terran Terran
  • Spawn Location: 5:00

VOD

Have the link to the VOD?

Description

Time

  • Played on: Dec. 13, 2021, 9:06 p.m.
  • Length: 3:45
Show
View Real Time Build Order
Export as new Build Order

CBagRun Zerg - Winner!

Build Orders: Pool Only 

Get SALT Encoding   

  12  0:00  Drone  
  13  0:09  Drone  
  14  0:27  Spawning Pool  
  13  0:30  Drone  
  14  0:37  Overlord  
  14  0:56  Drone  
  15  1:00  Extractor  
  14  1:05  Extractor  
  13  1:13  Queen  
  13  1:15  Zergling x6  
  18  1:35  Zergling x2  
  19  1:57  Zergling x2  
  19  1:58  Zergling x2  
  19  2:39  Zergling x2  
  19  2:40  Zergling x4  
  21  3:13  Overlord x2  
Show
View Real Time Build Order
Export as new Build Order

couchman Terran 

Build Orders:  

Get SALT Encoding   

  12  0:00  SCV  
  13  0:12  SCV  
  14  0:20  Supply Depot  
  14  0:25  SCV  
  15  0:41  SCV  
  15  0:42  Supply Depot  
  16  0:53  SCV  
  17  0:58  Barracks  
  17  1:06  SCV  
  17  1:07  Supply Depot  
  18  1:18  SCV  
  19  1:30  Supply Depot, SCV  
  20  1:36  Refinery  
  20  1:42  SCV  
  21  1:48  Supply Depot  
  22  2:00  Marine  
  22  2:14  SCV  
  23  2:17  Marine  
  23  2:26  SCV  
  24  2:35  Marine  
  23  2:38  SCV  
  20  2:53  Marine  
  13  3:11  Marine  
Tags
 
Matchup
TvZ
Opening
Pool Only
Replay Pack
re
Spawn Locations
Cross Positions
Add a new tag
Caveats
  • Supply blocks, unpowered buildings, or Contaminate may cause inaccurate times.
  • Supply counts are checked every 10 seconds.